 Dungeon Crawl Stone Soup version 0.19.1 (webtiles) character file.

79 Kikal the Sneak (level 4, 0/31 HPs)
             Began as a Spriggan Enchanter on Dec 2, 2016.
             Succumbed to a goblin's poison
             ... on level 1 of the Dungeon.
             The game lasted 00:11:50 (2602 turns).

Kikal the Sneak (Spriggan Enchanter)                Turns: 2602, Time: 00:11:51

Health: 0/31       AC: 22    Str:  4    XL:     4   Next: 16%
Magic:  4/9        EV:  4    Int: 17    God:
Gold:   23         SH:  0    Dex: 16    Spells: 3 memorised, 2 levels left

rFire  . . .     SeeInvis +     a - +1 dagger
rCold  . . .     Gourm    .     (armour currently unavailable)
rNeg   + + +     Faith    .     (shield restricted)
rPois  +         Spirit   .     (helmet currently unavailable)
rElec  .         Reflect  .     (cloak currently unavailable)
rCorr  .         Harm     .     (gloves unavailable)
MR     .....     NoTele   +     (boots unavailable)
Stlth  +++.......               (no amulet)
                                (no ring)
                                (no ring)

@: lethally poisoned (0 -> -2), tree-form (expiring), very slightly contaminated
A: unfitting armour, see invisible, herbivore 3, (speed 0), slow metabolism 2
a: no special abilities


You were on level 1 of the Dungeon.
You were not hungry.
You were a tree.
You visited 1 branch of the dungeon, and saw 2 of its levels.

You collected 23 gold pieces.

Inventory:

Hand Weapons
 a - a +1 dagger (weapon)
Missiles
 e - 43 stones (quivered)
 k - 11 poisoned needles
Armour
 b - a +1 robe (melded)
Scrolls
 f - a scroll of enchant weapon {unknown}
 g - a scroll of random uselessness {unknown}
 i - a scroll of teleportation {unknown}
 j - a scroll of noise {unknown}
 l - a scroll of identify {unknown}
Books
 c - a book of Maledictions

   Spells                             Type                      Level
   a - Corona                         Hexes                        1
   b - Ensorcelled Hibernation        Hexes/Ice                    2
   c - Confuse                        Hexes                        3
   d - Tukima's Dance                 Hexes                        3
   e - Dazzling Spray                 Conjuration/Hexes            3
Comestibles
 d - a bread ration


   Skills:
 + Level 2.9 Short Blades
 - Level 3.0 Dodging
 + Level 5.7 Stealth
 - Level 2.6 Spellcasting
 - Level 4.3 Hexes


You had 2 spell levels left.
You knew the following spells:

 Your Spells              Type           Power        Failure   Level  Hunger
a - Corona                Hex            ###....      3%          1    #......
b - Ensorcelled Hibernat  Hex/Ice        #.....       14%         2    ##.....
c - Confuse               Hex            ###.....     12%         3    ###....


Dungeon Overview and Level Annotations

Branches:
Dungeon (2/15)

Altars:

Annotations:
D:2 Robin


Innate Abilities, Weirdness & Mutations

You are very small and have problems with some larger weapons.
You are too small for most types of armour.
You have supernaturally acute eyesight. (SInv)
You are a herbivore.
((You cover ground extremely quickly.))
You need consume almost no food.


Message History

You are very lightly contaminated with residual magic.
You feel off-balance for a moment.
Your transformation is almost over.
The goblin hits you but does no damage.
You now have 7/9 mp.
Casting: Ensorcelled Hibernation
Confirm with . or Enter, or press ? or * to list all spells.
Aiming: Confuse
Press: ? - help, Shift-Dir - straight line, f/p - goblin
Aim: a goblin, wielding a club (severely wounded, chance to defeat MR: 64%)
The goblin appears confused.
* * * LOW HITPOINT WARNING * * *
You feel sick.
You take 1 damage, and have 1/31 hp.
You now have 4/9 mp.
You hit the goblin.
You kill the goblin!
There is a lethal amount of poison in your body!
There is a lethal amount of poison in your body!
There is a lethal amount of poison in your body!
You die...

#.......# #.#####.# #.# #.# #.#
#.# ## #.#####.# .# #.#†.†).# .#
#.#†##### .#
#.#.################# .#
#.#.......♣)........#######
.######.###########.....).....#..
.............g.[.##.#####...#.#.#
............)†>#g##.#.....#.#.#.#
.########.######.##.#.#...#.#.#..
.# #.# #g##.#.#####.#.### .# #.#
#g##.#.......#.... .########.#
#..#.############# .#........#
##.#g#


There were no monsters in sight!

Vanquished Creatures
  A gnoll (D:1)
  5 dart slugs
  2 leopard geckos (D:1)
  A giant cockroach (D:1)
  8 goblins
  6 hobgoblins
  11 jackals (D:1)
  4 kobolds
  7 bats
  5 rats (D:1)
50 creatures vanquished.

Notes
Turn   | Place    | Note
-------+----------+-------------------------------------------
     0 | D:1      | Kikal the Spriggan Enchanter began the quest for the Orb.
     0 | D:1      | Reached XP level 1. HP: 9/9 MP: 5/5
   328 | D:1      | Reached XP level 2. HP: 13/13 MP: 6/6
   373 | D:1      | Reached skill level 5 in Stealth
   393 | D:1      | Learned a level 2 spell: Ensorcelled Hibernation
   912 | D:1      | Reached XP level 3. HP: 16/16 MP: 8/8
  1193 | D:1      | Learned a level 3 spell: Confuse
  1669 | D:2      | Noticed Robin
  2148 | D:2      | Found a faded altar of an unknown god.
  2185 | D:1      | Reached XP level 4. HP: 17/21 MP: 9/9
  2593 | D:1      | HP: 1/31 [poisoned by a goblin]
  2602 | D:1      | Succumbed to a goblin's poison

Skill      XL: |  1  2  3 |
---------------+----------+-----
Stealth        | 5 |  5.7
Short Blades   | 2 |  2.9
Hexes          | 4 |  4.3
Dodging        | |  3.0
Spellcasting   | |  2.6

Action                   |  1- 3 |  4- 6 || total
-------------------------+-------+-------++-------
Melee: Dagger            |   182 |    36 ||   218
Throw: Stone             |       |     9 ||     9
 Cast: Corona            |     3 |       ||     3
       Ensorcelled Hiber |     2 |       ||     2
       Confuse           |       |     1 ||     1
  Use: Potion            |       |     1 ||     1
 Stab: Sleeping          |    14 |     3 ||    17
Armor: Robe              |    24 |     1 ||    25
       Skin              |       |     6 ||     6
Dodge: Dodged            |   146 |    17 ||   163
